 Dungeon Crawl Stone Soup version 0.32-a0-411-g744942f433 (webtiles) character file.

Game seed: 5963826213876937555

147 ezpacito the Chopper (level 5, -2/61 HPs)
             Began as a Demonspawn Chaos Knight on Feb 20, 2024.
             Was a Plaything of Xom.
             Succumbed to Sigmund's poison
             ... on level 2 of the Dungeon.
             The game lasted 00:01:46 (981 turns).

ezpacito the Chopper (Demonspawn Chaos Knight)       Turns: 981, Time: 00:01:47

Health: -2/61      AC: 22    Str: 21    XL:     5   Next: 8%
Magic:  6/6        EV:  2    Int: 18    God:    Xom [..*...]
Gold:   55         SH:  0    Dex: 12    Spells: 6/6 levels left

rFire   . . .        a - +0 hand axe (chaos)
rCold   . . .        (no shield)
rNeg    . . .        b - melded +3 leather armour
rPois   +            (helmet currently unavailable)
rElec   .            (cloak currently unavailable)
rCorr   .            (gloves currently unavailable)
SInv    .            (boots currently unavailable)
Will    .....        (no amulet)
Stlth   ++           g - +6 ring of intelligence
HPRegen 0.30/turn    i - +6 ring of strength
MPRegen 0.20/turn

%: no passive effects
@: lethally poisoned (-2 -> -21), tree-form, hasted, very quick
A: stationary, stasis, torment immunity, boosted hp, (horns 1), magic
regeneration, (sanguine armour 1)
a: Renounce Religion


You were on level 2 of the Dungeon.
You worshipped Xom.
You were a toy of Xom.
You were a tree.
You visited 1 branch of the dungeon, and saw 2 of its levels.

You collected 55 gold pieces.

Inventory:

Hand Weapons
 a - a +0 hand axe of chaos (weapon)
 k - a +0 war axe
Armour
 b - a +3 leather armour (melded)
Jewellery
 g - a +6 ring of intelligence (left branch)
 i - a +6 ring of strength (right branch)
Scrolls
 e - a scroll of teleportation


   Skills:
 * Level 3.6 Fighting
 * Level 3.6 Axes
 * Level 2.1 Armour
 * Level 1.5 Dodging
 * Level 1.6 Stealth
 * Level 1.0 Unarmed Combat
 * Level 1.0 Spellcasting


You had 6 spell levels left.
You didn't know any spells.
Your spell library was empty.

Dungeon Overview and Level Annotations

Branches:
Dungeon (2/15)

Altars:

Annotations:
D:2 Sigmund


Innate Abilities, Weirdness & Mutations

You are a tree.
Your roots penetrate the ground, keeping you stationary.
You cannot be teleported.
You are immune to unholy pain and torment.
Your maximum health is greatly increased.
Your equipment is partially melded.
((You have a pair of small horns on your head.))
You regenerate magic rapidly.
((When seriously injured, your blood forms armour. (AC +0)))


Message History

You closely miss something.
You feel very sick.
You hit something but do no damage. Your headbutt misses something.
You feel very sick. Something hits you but does no damage.
You are lethally poisoned!
Unknown command.
It was a potion of lignification.
You turn into a tree.
Your +2 leather armour melds into your body.
Your roots penetrate the ground.
Your blood armour dries and flakes away.
You feel very sick.
You aren't carrying any items that you can evoke.
Okay, then.
You cannot move.
You cannot move.
You cannot move.
The air fills with toxic fumes!
As you read the scroll labelled GOAFU KAHUN, it crumbles to dust.
It was a scroll of poison.
You feel sick. Something hits you.
* * * LOW HITPOINT WARNING * * *
You are more poisoned.
You barely miss something.
* * * LOW HITPOINT WARNING * * *
You feel very sick.
As you read the scroll labelled WEUCHE KIDO, it crumbles to dust.
You feel a strange sense of stasis.
It was a scroll of teleportation.
* * * LOW HITPOINT WARNING * * *
You feel very sick. Something hits you but does no damage.
You are more poisoned.
You cannot teleport because you are held in place by your roots.
As you read the scroll labelled FECUFAO XASH, it crumbles to dust.
It is a scroll of enchant armour.
Your +2 leather armour glows green for a while.
* * * LOW HITPOINT WARNING * * *
You feel very sick.
You closely miss something.
You die...
Xom laughs nastily!

### §§. §§#
#§# #§# #§#
##§##
######.#♣#
#.....###{§#
#...##.# §§§§§
###'#
#.##§#§§#
###..# ...§§
§# #....#
..§§§ # #....#
...§§§ #.≈#+##
..§§§#
...#####'##..#
....


There were no monsters in sight!

Vanquished Creatures
  A tengu (D:1)
  A dart slug (D:2)
  4 endoplasms (D:1)
  3 giant cockroaches (D:1)
  4 goblins (D:1)
  4 hobgoblins
  3 kobolds (D:1)
  2 quokkas (D:1)
  2 ball pythons (D:1)
  3 bats
  4 frilled lizards (D:1)
  4 rats (D:1)
35 creatures vanquished.

Notes
Turn   | Place    | Note
-------+----------+-------------------------------------------
     0 | D:1      | ezpacito the Demonspawn Chaos Knight began the quest for
                  | the Orb.
     0 | D:1      | Reached XP level 1. HP: 18/18 MP: 1/1
     1 | D:1      | You fall into a shaft and drop 1 floor!
    35 | D:1      | XOM: smoke on damage
    61 | D:1      | Gained mutation: You have a pair of small horns on your
                  | head. [demonic ancestry]
    61 | D:1      | Reached XP level 2. HP: 24/24 MP: 2/2
    92 | D:1      | XOM: cloud trail
   124 | D:1      | Reached skill level 1 in Dodging
   176 | D:1      | a bat changed into a tengu
   176 | D:1      | Noticed a tengu
   216 | D:1      | Killed a tengu
   217 | D:1      | Reached skill level 1 in Stealth
   217 | D:1      | Reached XP level 3. HP: 29/29 MP: 2/4
   217 | D:1      | Gained mutation: You regenerate magic rapidly. [demonic
                  | ancestry]
   217 | D:1      | Reached XP level 4. HP: 35/35 MP: 2/5
   327 | D:1      | XOM: silly message
   673 | D:1      | Reached skill level 1 in Unarmed Combat
   685 | D:1      | XOM: divination: detect creatures
   693 | D:1      | XOM: noise
   697 | D:1      | XOM: divination: magic mapping
   755 | D:1      | Gained mutation: When seriously injured, your blood forms
                  | armour. (AC +0) [demonic ancestry]
   755 | D:1      | Reached XP level 5. HP: 41/41 MP: 6/6
   839 | D:2      | Reached skill level 1 in Spellcasting
   965 | D:2      | Noticed Sigmund
   980 | D:2      | HP: 1/61 [poisoned by Sigmund]
   981 | D:2      | Succumbed to Sigmund's poison

Illustrated notes

Levels and vault maps discovered:
D:1:      spicycebolla_arrival_clurvy, layout_loops_ring, palyth_stone_intersect
D:2:      layout_loops_ring, kennysheep_nondescript, uniq_crazy_yiuf_cottage,
          uniq_robin, uniq_sigmund

Skill      XL: |  1  2  3  4  5 |
---------------+----------------+-----
Axes           | 3 |  3.6
Dodging        | 1 |  1.5
Armour         | 2 |  2.1
Stealth        | 1 |  1.6
Unarmed Combat | 1 |  1.0
Spellcasting   | 1 |  1.0
Fighting       | |  3.6

Action                     |  1- 3 |  4- 6 || total
---------------------------+-------+-------++-------
  Melee: Hand axe          |    42 |    51 ||    93
         Headbutt          |     4 |     7 ||    11
    Use: Scroll            |     2 |     3 ||     5
         Potion            |       |     3 ||     3
   Stab: Petrified         |    11 |       ||    11
         Confused          |       |     1 ||     1
         Sleeping          |       |     1 ||     1
 Armour: Leather armour    |    20 |    32 ||    52
         Skin              |       |     2 ||     2
  Dodge: Dodged            |    26 |    23 ||    49

Table legend: (Time is in decaauts)
 A = Elapsed time spent in this place.
 B = Non-inter-level travel time spent in this place.
 C = Inter-level travel time spent in this place.
 D = Time resting spent in this place.
 E = Time spent auto-exploring this place.
 F = Levels seen in this place.
 G = Mean time per level.
                   A        B        C        D        E       F      G
               +--------+--------+--------+--------+--------+-----+--------+
         Total |    987 |    958 |     29 |      0 |    702 |   2 |  493.5 |
       Dungeon |    987 |    958 |     29 |      0 |    702 |   2 |  493.5 |
               +--------+--------+--------+--------+--------+-----+--------+

Top non-repeatable levels by time:
     D:1: 830 daAuts
     D:2: 157 daAuts
